 Dungeon Crawl Stone Soup version 0.31.0-32-g396128a36d (webtiles) character file.

Game seed: 6405744371769625579

51 Marvel the Sneak (level 3, -3/24 HPs)
             Began as an Octopode Brigand on Mar 15, 2024.
             Incinerated by a bombardier beetle (4 damage)
             ... with a burning spray
             ... on level 3 of the Dungeon.
             The game lasted 00:02:11 (807 turns).

Marvel the Sneak (Octopode Brigand)                  Turns: 807, Time: 00:02:11

Health: -3/24      AC:  1    Str: 10    XL:     3   Next: 81%
Magic:  3/3        EV: 13    Int: 13    God:
Gold:   78         SH:  0    Dex: 15    Spells: 2/2 levels left

rFire   . . .        a - +2 dagger
rCold   . . .        (no shield)
rNeg    . . .        (helmet restricted)
rPois   .            (no amulet)
rElec   .            (no ring)
rCorr   .            (no ring)
SInv    .            (no ring)
Will    .....        (no ring)
Stlth   ++           (no ring)
HPRegen 0.24/turn    (no ring)
MPRegen 0.08/turn    (no ring)
                     (no ring)

%: no passive effects
@: on fire, glowing
A: almost no armour, amphibious, 8 rings, camouflage 1, gelatinous body 1,
(nimble swimmer 1), tentacles
a: no special abilities


You were on level 3 of the Dungeon.
You visited 1 branch of the dungeon, and saw 3 of its levels.

You collected 78 gold pieces.

Inventory:

Hand Weapons
 a - a +2 dagger (weapon)
Missiles
 b - 11 poisoned darts (quivered)
 c - 3 curare-tipped darts
Scrolls
 e - a scroll of identify {unknown}
 h - a scroll of immolation {unknown}
 i - a scroll of summoning {unknown}
 j - a scroll of noise {unknown}
 l - a scroll of teleportation {unknown}
Potions
 d - 3 potions of heal wounds {unknown}
 f - 2 potions of lignification {unknown}
 g - a potion of ambrosia {unknown}
 k - a potion of might {unknown}


   Skills:
 + Level 2.2 Fighting
 + Level 2.1 Short Blades
 + Level 2.1 Throwing
 + Level 1.2 Dodging
 + Level 6.8 Stealth


You had 2 spell levels left.
You didn't know any spells.
Your spell library contained the following spells:

 Spells                   Type           Power      Damage    Failure   Level
 Ozocubu's Armour         Ice            0%         N/A       67%         3
 Metabolic Englaciation   Hex/Ice        0%         N/A       100%        5
 Sculpt Simulacrum        Ice/Alch       0%         N/A       100%        6


Dungeon Overview and Level Annotations

Branches:
Dungeon (3/15)

Altars:


Innate Abilities, Weirdness & Mutations

You cannot wear most types of armour.
You are amphibious.
You can wear up to eight rings at the same time.
Your skin changes colour to match your surroundings (Stealth+).
Your rubbery body absorbs attacks. (AC +1, EV +1)
((You are camouflaged when in or above water. (Stealth+)))
You have tentacles for arms and can constrict up to eight enemies at once.


Message History

There is a stone staircase leading down here.
Done exploring.
You climb downwards.
There is a stone staircase leading up here.
A goblin is nearby!
The goblin shouts!
The goblin misses you.
You hit the goblin but do no damage. You grab the goblin.
You squeeze the goblin, but do no damage.
You constrict the goblin. The goblin hits you with a +0 dagger.
You hit the goblin.
You kill the goblin!
The bombardier beetle sprays incendiary fluid at you.
The burning spray hits you.
You are covered in liquid fire!
You shake off some of the fire as you move.
The liquid fire burns you!
The bombardier beetle completely misses you.
You hit the bombardier beetle but do no damage.
You grab the bombardier beetle. You squeeze the bombardier beetle!
The bombardier beetle is heavily wounded.
The liquid fire burns you!
You constrict the bombardier beetle, but do no damage.
You are too injured to fight recklessly!
You are too injured to fight recklessly!
You hit the bombardier beetle.
The bombardier beetle is severely wounded.
The liquid fire burns you!
You constrict the bombardier beetle, but do no damage.
The bombardier beetle bites you.
* * * LOW HITPOINT WARNING * * *
You barely miss the bombardier beetle.
The bombardier beetle is severely wounded.
The liquid fire burns you!
* * * LOW HITPOINT WARNING * * *
You constrict the bombardier beetle, but do no damage.
You hit the bombardier beetle.
The bombardier beetle is severely wounded.
The liquid fire burns you!
You die...

#.#... .#... ###..#.# ....
#......# ...##
#......#######...# #
#.......##.........###
#......# #<###.##.....
##......###.#.........#
#...[..........@B......
#..♣♣♣..##..)....##..#.
#†♣# #♣.##.##........ ##.♣
♣.##)##.###.### #..♣#
#♣....##.#.....#
#...♣♣♣..##.##.#.†...#..#
#........##)##.....>....#
#.......)....).#...†.#....
###########.##.#.....# #


You could see a bombardier beetle.

Vanquished Creatures
  An adder (D:2)
  A ribbon worm (D:2)
  4 orcs (D:3)
  A ball python (D:1)
  4 endoplasms
  5 giant cockroaches
  A goblin (D:3)
  4 hobgoblins
  2 quokkas (D:2)
  A bat (D:1)
  3 kobolds (D:2)
  6 rats
33 creatures vanquished.

Notes
Turn   | Place    | Note
-------+----------+-------------------------------------------
     0 | D:1      | Marvel the Octopode Brigand began the quest for the Orb.
     0 | D:1      | Reached XP level 1. HP: 14/14 MP: 1/1
     6 | D:1      | Noticed a black bear
     6 | D:1      | Noticed a redback
     6 | D:1      | Noticed a swamp worm
     7 | D:1      | Noticed a komodo dragon
     7 | D:1      | Noticed a black mamba
    75 | D:1      | You fall into a shaft and drop 1 floor!
   102 | D:2      | Reached XP level 2. HP: 4/19 MP: 2/2
   208 | D:2      | Reached skill level 6 in Stealth
   364 | D:2      | Reached XP level 3. HP: 19/24 MP: 3/3
   782 | D:3      | Identified the +0 ring mail of the Thirsty Nightcaps {Will+
                  | Int-5 Stlth+}
   783 | D:3      | Identified the +0 leather armour "Duvvo" {*Corrode SInv
                  | Stlth+}
   806 | D:3      | HP: 1/24 [burnt (5)]
   807 | D:3      | Incinerated by a bombardier beetle

Illustrated notes

Levels and vault maps discovered:
D:1:      onia_arrival_zoo_common, layout_basic,
          chequers_ecumenical_altar_simple_redux, kennysheep_another_room,
          grunt_decor_arrowhead
D:2:      layout_rooms
D:3:      layout_loops_ring, mainiacjoe_overflow_six_doors_small,
          lemuel_crystal_altar, grunt_temple_overflow_open,
          ebering_ghost_sewer_f, nrook_mini_backslash, minmay_misc_feat_iff,
          minmay_stone_trees_small, st_stairs_3, bh_walls_and_bars, uniq_natasha

Skill      XL: |  1  2 |
---------------+-------+-----
Stealth        | 6 |  6.8
Fighting       | |  2.2
Short Blades   | |  2.1
Throwing       | |  2.1
Dodging        | |  1.2

Action                     || total
---------------------------++-------
  Melee: Dagger            ||    58
         Constrict         ||    13
         Tentacles         ||    10
         Punch             ||     1
   Stab: Sleeping          ||    13
         Distracted        ||     1
 Armour: Skin              ||    17
  Dodge: Dodged            ||    26
